 Dungeon Crawl Stone Soup version 0.28-a0-804-g60983d4ba9 (webtiles) character file.

Game seed: 8299239595713477051

35 vurker the Gusty (level 3, -1/15 HPs)
             Began as a Felid Air Elementalist on Nov 7, 2021.
             Was an Initiate of Vehumet.
             Slain by a worm (11 damage)
             ... on level 2 of the Dungeon.
             The game lasted 00:02:03 (1798 turns).

vurker the Gusty (Felid Air Elementalist)           Turns: 1798, Time: 00:02:03

Health: -1/15      AC:  1    Str:  4    XL:     3   Next: 17%
Magic:  0/7        EV: 17    Int: 17    God:    Vehumet [......]
Gold:   750        SH:  0    Dex: 16    Spells: 6/7 levels left
                                        Lives:  0   Deaths: 0

rFire   . . .      SeeInvis +   (weapon unavailable)
rCold   . . .      Faith    .   (shield unavailable)
rNeg    . . .      Spirit   .   (armour unavailable)
rPois   .          Reflect  .   (helmet unavailable)
rElec   .          Harm     .   (cloak unavailable)
rCorr   .          Rampage  .   (gloves unavailable)
Will    .....                   (boots unavailable)
Stlth   ++........              c - amulet of the acrobat
HPRegen 0.05/turn               (no ring)
MPRegen 0.10/turn               (no ring)

@: quick
A: very small, claws 1, fangs 3, see invisible, speed 1, shaggy fur 1, stealthy
paws, no weapons or thrown items, no armour, multi-lived
a: Renounce Religion


You were on level 2 of the Dungeon.
You worshipped Vehumet.
Vehumet was noncommittal.
You visited 1 branch of the dungeon, and saw 2 of its levels.

You collected 750 gold pieces.

Inventory:

Jewellery
 c - an amulet of the acrobat (around neck)
   (You found it on level 1 of the Dungeon)
Potions
 a - a potion of lignification {unknown}
 b - a potion of magic {unknown}
 d - a potion of invisibility {unknown}
 e - 2 potions of flight {unknown}
 f - a potion of degeneration {unknown}
 g - 2 potions of mutation {unknown}
 i - a potion of heal wounds {unknown}


   Skills:
 + Level 0.9 Fighting
 - Level 2.6 Dodging
 - Level 2.6 Stealth
 * Level 2.5 Spellcasting
 + Level 1.3 Conjurations
 * Level 3.1 Air Magic


You had 6 spell levels left.
You knew the following spells:

 Your Spells              Type           Power      Damage    Failure   Level
a - Shock                 Conj/Air       36%        1d5       8%          1

Your spell library contained the following spells:

 Spells                   Type           Power      Damage    Failure   Level
 Static Discharge         Conj/Air       9%         N/A       11%         2
 Swiftness                Air            12%        N/A       16%         3
 Blink                    Tloc           4%         N/A       28%         2
 Airstrike                Air            6%         N/A       45%         4
 Manifold Assault         Tloc           2%         N/A       99%         5
 Storm Form               Tmut/Air       3%         N/A       100%        7


Dungeon Overview and Level Annotations

Branches:
Dungeon (2/15)

Altars:
Vehumet


Innate Abilities, Weirdness & Mutations

You have sharp claws.
You have razor-sharp teeth.
You have supernaturally acute eyesight. (SInv)
You cover ground quickly. (Speed+)
You are covered in fur. (AC +1)
Your paws help you pounce on unaware monsters.
You are incapable of wielding weapons or throwing items.
You cannot wear armour.
You gain extra lives every three experience levels.


Message History

You scratch the worm.
You kill the worm!
Vehumet accepts your kill.
An orc comes into view. It is wielding a +0 short sword.
Found a stone staircase leading up.
Aim: an orc, wielding a +0 short sword (asleep, 100% to hit)
The zap hits the orc.
Aim: an orc, wielding a +0 short sword (moderately wounded, 68% to hit)
The zap misses the orc.
The orc hits you with a +0 short sword.
Aim: an orc, wielding a +0 short sword (moderately wounded, 68% to hit)
The zap hits the orc.
The orc closely misses you.
The zap hits the orc.
You kill the orc!
Vehumet accepts your kill.
Found a fuming inky potion.
f - a fuming inky potion
Found 2 brown potions.
g - 2 brown potions A worm comes into view.
A worm is nearby!
Aim: a worm (asleep, 100% to hit)
You miscast Shock.
You are very lightly contaminated with residual magic.
Nothing appears to happen.
Aim: a worm (asleep, 100% to hit)
The zap hits the worm.
Aim: a worm (lightly wounded, 89% to hit)
The zap hits the worm.
Aim: a worm (moderately wounded, 89% to hit)
The zap hits the worm.
Aim: a worm (moderately wounded, 89% to hit)
The zap hits the worm.
Aim: a worm (moderately wounded, 89% to hit)
The zap misses the worm.
Aim: a worm (moderately wounded, 89% to hit)
The zap hits the worm.
Your magical contamination has completely faded away.
You don't have enough magic to cast this spell.
You don't have enough magic to cast this spell.
You don't have enough magic to cast this spell.
Aim: a worm (moderately wounded, 89% to hit)
The zap hits the worm.
You don't have enough magic to cast this spell.
You don't have enough magic to cast this spell.
You scratch the worm. The worm bites you but does no damage.
You scratch the worm but do no damage. You scratch the worm.
The worm bites you.
You scratch the worm. The worm bites you!
Ouch! That really hurt!
You die...

.#
##.###.#.....##
.##
#.....##...##
#.## #####.#
#.## ##.## #.#
.# ##.# #.# .#
##.## #.# #.##
#.# .## #.# ##
###@# #..w#
#...# #...##
##...#
#........#
#...####.#
#.#.. #.#.##


You could see a worm.

Vanquished Creatures
  A worm (D:2)
  An orc (D:2)
  6 endoplasms
  3 goblins
  4 hobgoblins
  3 jackals (D:1)
  2 quokkas (D:1)
  A ball python (D:1)
  3 bats (D:1)
  A frilled lizard (D:1)
  A rat (D:1)
26 creatures vanquished.

Notes
Turn   | Place    | Note
-------+----------+-------------------------------------------
     0 | D:1      | vurker the Felid Air Elementalist began the quest for the
                  | Orb.
     0 | D:1      | Reached XP level 1. HP: 7/7 MP: 4/4
    74 | D:1      | Reached skill level 1 in Conjurations
   203 | D:1      | Reached XP level 2. HP: 12/12 MP: 0/6
   696 | D:1      | Found a faded altar of an unknown god.
   703 | D:1      | Reached skill level 3 in Air Magic
  1129 | D:2      | Found a radiant altar of Vehumet.
  1142 | D:2      | Became a worshipper of Vehumet
  1146 | D:2      | Identified a scroll of acquirement
  1146 | D:2      | Acquired 712 gold pieces
  1248 | D:2      | Reached XP level 3. HP: 15/15 MP: 4/7
  1798 | D:2      | Slain by a worm

Illustrated notes

Levels and vault maps discovered:
D:1:      evilmike_arrival_plus, layout_basic,
          shapermc_ecumenical_altar_starsandcircs, minmay_misc_feat_rugged,
          due_unseen_surprise
D:2:      layout_loops_ring, basic_altar

Skill      XL: |  1  2 |
---------------+-------+-----
Conjurations   | 1 |  1.3
Air Magic      | 3 |  3.1
Fighting       | |  0.9
Dodging        | |  2.6
Stealth        | |  2.6
Spellcasting   | |  2.5

Action                   || total
-------------------------++-------
Melee: Unarmed           ||    18
       Bite              ||     2
 Cast: Shock             ||    69
  Use: Scroll            ||     4
Armor: Skin              ||     2
Dodge: Dodged            ||     6

Table legend: (Time is in decaauts)
 A = Elapsed time spent in this place.
 B = Non-inter-level travel time spent in this place.
 C = Inter-level travel time spent in this place.
 D = Time resting spent in this place.
 E = Time spent auto-exploring this place.
 F = Levels seen in this place.
 G = Mean time per level.
                   A        B        C        D        E       F      G
               +--------+--------+--------+--------+--------+-----+--------+
         Total |   1637 |   1635 |      2 |      0 |   1413 |   2 |  818.5 |
       Dungeon |   1637 |   1635 |      2 |      0 |   1413 |   2 |  818.5 |
               +--------+--------+--------+--------+--------+-----+--------+

Top non-repeatable levels by time:
     D:1: 1004 daAuts
     D:2: 633 daAuts
